 Dungeon Crawl Stone Soup version 0.30-a0-777-ga9a30cbeda (webtiles) character file.

Game seed: 5539422904298193251

89 Leeroy the Slasher (level 4, -11/23 HPs)
             Began as a Vine Stalker Warper on Feb 14, 2023.
             Killed by divine providence
             ... invoked by an orc priest
              (13 damage)
             ... on level 3 of the Dungeon.
             The game lasted 00:03:46 (1785 turns).

Leeroy the Slasher (Vine Stalker Warper)            Turns: 1785, Time: 00:03:46

Health: -11/23     AC:  6    Str: 13    XL:     4   Next: 55%
Magic:  0/9        EV: 12    Int: 13    God:
Gold:   159        SH:  0    Dex: 16    Spells: 4/9 levels left

rFire   . . .      SeeInvis .    a - +0 falchion
rCold   . . .      Faith    .    (no shield)
rNeg    . . .      Spirit   +    b - +0 leather armour
rPois   .          Reflect  .    e - +1 helmet
rElec   .          Harm     .    (no cloak)
rCorr   .          Rampage  .    (no gloves)
Will    .....                    o - +0 pair of boots
Stlth   +                        l - amulet of regeneration
HPRegen 1.83/turn                (no ring)
MPRegen 0.11/turn                (no ring)

@: no status effects
A: fangs 2, regeneration 1, magic shield, antimagic bite, no potion heal 2
a: no special abilities


You were on level 3 of the Dungeon.
You visited 1 branch of the dungeon, and saw 3 of its levels.

You collected 159 gold pieces.

Inventory:

Hand Weapons
 a - a +0 falchion (weapon)
Missiles
 d - 7 boomerangs of dispersal (quivered)
 j - 4 javelins
 s - 3 boomerangs
Armour
 b - a +0 leather armour (worn)
 e - a +1 helmet (worn)
 o - a +0 pair of boots (worn)
 u - the +1 robe "Puathiof" {-Tele rN+ Will++ SInv}
   (You found it on level 3 of the Dungeon)

   rN:        It protects you from negative energy.
   SInv:      It lets you see invisible.
   -Tele:     It prevents most forms of teleportation.
   Will:      It greatly increases your willpower.
Jewellery
 l - an amulet of regeneration (around neck)
 p - an amulet of faith
Scrolls
 c - 2 scrolls of blinking
 g - a scroll of identify {unknown}
 k - a scroll of magic mapping {unknown}
 m - a scroll of fear {unknown}
 t - a scroll of teleportation {unknown}
 v - a scroll of butterflies {unknown}
 w - a scroll of vulnerability {unknown}
Potions
 f - 2 potions of haste {unknown}
 h - a potion of invisibility {unknown}
 i - a potion of curing {unknown}
 n - a potion of might {unknown}
 q - 2 potions of lignification {unknown}
 r - a potion of brilliance {unknown}


   Skills:
 - Level 1.7 Fighting
 - Level 3.4 Long Blades
 - Level 0.8 Throwing
 - Level 0.7 Armour
 - Level 2.0 Dodging
 + Level 3.1 Spellcasting
 - Level 3.0 Translocations


You had 4 spell levels left.
You knew the following spells:

 Your Spells              Type           Power      Damage    Failure   Level
a - Blink                 Tloc           18%        N/A       13%         2
b - Vhi's Electric Charg  Tloc/Air       10%        N/A       43%         3

Your spell library contained the following spells:

 Spells                   Type           Power      Damage    Failure   Level
 Lesser Beckoning         Tloc           18%        N/A       13%         2
 Teleport Other           Tloc           9%         N/A       26%         3
 Portal Projectile        Hex/Tloc       10%        N/A       43%         3
 Manifold Assault         Tloc           9%         N/A       63%         4
 Tukima's Dance           Hex            2%         N/A       65%         3
 Cause Fear               Hex            1%         N/A       96%         4
 Blade Hands              Tmut           1%         N/A       100%        5
 Dragon Form              Tmut           1%         N/A       100%        7
 Dragon's Call            Summ           1%         N/A       100%        9


Dungeon Overview and Level Annotations

Branches:
Dungeon (3/15)

Altars:


Innate Abilities, Weirdness & Mutations

You have extremely sharp teeth.
Your natural rate of healing is unusually fast.
When hurt, damage is shared between your health and your magic reserves.
Your bite disrupts and absorbs the magic of your enemies.
Potions cannot restore your health.


Message History

You are too injured to fight recklessly!
You are too injured to fight recklessly!
You are too injured to fight recklessly!
You are too injured to fight recklessly!
You are too injured to fight recklessly!
You hit the orc. Your bite misses the orc.
The orc is heavily wounded.
The orc priest begins to cast a cantrip, but forgets the words!
The orc closely misses you.
You hit the orc.
The orc is severely wounded.
The orc priest hits you with a +0 club.
You barely miss the orc.
The orc is severely wounded.
The orc hits you with a +2 heavy mace!
* * * LOW HITPOINT WARNING * * *
The orc priest misses you.
You hit the orc.
The orc is almost dead.
The orc priest hits you but does no damage.
The orc misses you.
You hit the orc.
You kill the orc!
You closely miss the orc priest.
The orc priest mumbles some strange prayers to Beogh against you.
Something writhes in agony!
The orc priest barely misses you. Something hits you but does no damage.
You hit the orc priest. Your bite misses the orc priest.
The orc priest is lightly wounded.
The orc priest hits you with a +0 club. Something hits you.
You closely miss the orc priest. Your bite misses the orc priest.
The orc priest is lightly wounded.
The orc priest invokes the aid of Beogh against you.
Beogh smites you!
* * * LOW HITPOINT WARNING * * *
Something hits you but does no damage.
The orc priest invokes the aid of Beogh against you.
Beogh smites you!
Ouch! That really hurt!
You die...

###############
#.............#
#.###########.#
#.# #.# #.# #.#
#####.### ##.##
#.....@o# #...#
#.###.#.# #...#
#.#o.. ###...##
..#..... #......#
#?##......#.##.#.#
#. ......#.##.#.##
.. ......#.##....#
#. ###.###.####..#
....###.####..#


You could see 2 orc priests.

Vanquished Creatures
  3 gnolls (D:3)
  An adder (D:2)
  3 dart slugs (D:2)
  An orc (D:3)
  2 ball pythons (D:1)
  2 endoplasms (D:2)
  4 goblins
  6 hobgoblins
  5 jackals
  3 kobolds
  2 quokkas (D:2)
  6 bats
  2 frilled lizards
  A rat (D:3)
41 creatures vanquished.

Notes
Turn   | Place    | Note
-------+----------+-------------------------------------------
     0 | D:1      | Leeroy the Vine Stalker Warper began the quest for the Orb.
     0 | D:1      | Reached XP level 1. HP: 11/11 MP: 4/4
   201 | D:1      | Reached XP level 2. HP: 3/15 MP: 3/6
   346 | D:1      | Learned a level 2 spell: Blink
   807 | D:2      | Reached XP level 3. HP: 16/18 MP: 7/7
   839 | D:2      | Learned a level 3 spell: Vhi's Electric Charge
  1508 | D:3      | Gained mutation: Your natural rate of healing is unusually
                  | fast. [Vine Stalker growth]
  1508 | D:3      | Reached XP level 4. HP: 23/23 MP: 8/8
  1683 | D:3      | Identified the +1 robe "Puathiof" {-Tele rN+ Will++ SInv}
  1785 | D:3      | Killed from afar by an orc priest

Illustrated notes

Levels and vault maps discovered:
D:1:      giann_wishing_wells, layout_loops_ring
D:2:      kennysheep_big_flooded_room, layout_loops_ring
D:3:      layout_loops_cross

Skill      XL: |  1  2  3  4 |
---------------+-------------+-----
Long Blades    | 2 3 |  3.4
Dodging        | 2 |  2.0
Spellcasting   | 3 |  3.1
Fighting       | |  1.7
Throwing       | |  0.8
Armour         | |  0.7
Translocations | |  3.0

Action                     |  1- 3 |  4- 6 || total
---------------------------+-------+-------++-------
  Melee: Falchion          |    98 |    28 ||   126
         Bite              |    19 |     4 ||    23
         Punch             |     1 |     1 ||     2
   Stab: Sleeping          |     1 |       ||     1
 Armour: Leather armour    |    55 |     9 ||    64
  Dodge: Dodged            |    74 |    12 ||    86

Table legend: (Time is in decaauts)
 A = Elapsed time spent in this place.
 B = Non-inter-level travel time spent in this place.
 C = Inter-level travel time spent in this place.
 D = Time resting spent in this place.
 E = Time spent auto-exploring this place.
 F = Levels seen in this place.
 G = Mean time per level.
                   A        B        C        D        E       F      G
               +--------+--------+--------+--------+--------+-----+--------+
         Total |   1804 |   1776 |     28 |     16 |   1413 |   3 |  601.3 |
       Dungeon |   1804 |   1776 |     28 |     16 |   1413 |   3 |  601.3 |
               +--------+--------+--------+--------+--------+-----+--------+

Top non-repeatable levels by time:
     D:1: 789 daAuts
     D:2: 747 daAuts
     D:3: 267 daAuts
